| TOP OF THE 1ST |
|
Colorado Rockies batting - Pitching for Arizona Diamondbacks : LHP Murphy Quirk
|
|
Pitching: LHP Murphy Quirk
|
|
|
Batting: SHB Eddie Quinones
|
0-0: Called Strike 0-1: Ball 1-1: Ball 2-1: Foul Ball, location: 2F 2-2: Strikes out swinging
|
|
Batting: LHB Freddy Troncoso
|
0-0: Called Strike 0-1: Swinging Strike 0-2: Strikes out swinging
|
|
Batting: SHB Jerry Luckwell
|
0-0: Called Strike 0-1: Ball 1-1: Ball 2-1: Ball 3-1: Swinging Strike 3-2: Fly out, F8 (Flyball, 8LD, EV 83.8 MPH)
|
| Top of the 1st over - 0 runs, 0 hits, 0 errors, 0 left on base; Colorado 0 - Arizona 0 |
| BOTTOM OF THE 1ST |
|
Arizona Diamondbacks batting - Pitching for Colorado Rockies : RHP Sean Parks
|
|
Pitching: RHP Sean Parks
|
|
|
Batting: RHB Andy Swaim
|
0-0: Ball 1-0: Bunt missed! 1-1: Foul Ball, location: 2F 1-2: Strikes out swinging
|
|
Batting: LHB Roy Steigerwald
|
0-0: Ball 1-0: Called Strike 1-1: Fly out, F7 (Line Drive, 7, EV 91.9 MPH)
|
|
Batting: SHB Alec Thorpe
|
0-0: Ball 1-0: Called Strike 1-1: Ball 2-1: Ball 3-1: Base on Balls
|
|
Batting: SHB Perry Tuckfard
|
0-0: Ball 1-0: Foul Ball, location: 2F 1-1: Fly out, F7 (Line Drive, 7S, EV 100.0 MPH)
|
| Bottom of the 1st over - 0 runs, 0 hits, 0 errors, 1 left on base; Colorado 0 - Arizona 0 |
| TOP OF THE 2ND |
|
Colorado Rockies batting - Pitching for Arizona Diamondbacks : LHP Murphy Quirk
|
|
Batting: RHB Cesar Breceda
|
0-0: Ball 1-0: Called Strike 1-1: Ball 2-1: Ball 3-1: Called Strike 3-2: Foul Ball, location: 2F 3-2: Strikes out swinging
|
|
Batting: RHB Henry Alvizo
|
0-0: Ball 1-0: Swinging Strike 1-1: Foul Ball, location: 2F 1-2: Ball 2-2: Strikes out swinging
|
|
Batting: SHB Andy Vivas
|
0-0: Ball 1-0: Fly out, F7 (Line Drive, 7LM, EV 95.0 MPH)
|
| Top of the 2nd over - 0 runs, 0 hits, 0 errors, 0 left on base; Colorado 0 - Arizona 0 |
| BOTTOM OF THE 2ND |
|
Arizona Diamondbacks batting - Pitching for Colorado Rockies : RHP Sean Parks
|
|
Batting: RHB Jim Zucco
|
0-0: Ball 1-0: Called Strike 1-1: Called Strike 1-2: Foul Ball, location: 2F 1-2: Foul Ball, location: 2F 1-2: Ball 2-2: Foul Ball, location: 2F 2-2: DOUBLE (Line Drive, 5D, EV 98.8 MPH)
|
|
Batting: SHB Salvador Aragon
|
0-0: Ball 1-0: Ball 2-0: Ground out U3 (Groundball, 3L, EV 86.2 MPH) Jim Zucco to third
|
|
Batting: LHB Mike Mentzer
|
0-0: Ball 1-0: Swinging Strike 1-1: Ball 2-1: Called Strike 2-2: Ball 3-2: Strikes out swinging
|
|
Batting: RHB Bob Najar
|
0-0: Called Strike 0-1: Ball 1-1: Fly out, F8 (Flyball, 8RM, EV 80.6 MPH)
|
| Bottom of the 2nd over - 0 runs, 1 hit, 0 errors, 1 left on base; Colorado 0 - Arizona 0 |
| TOP OF THE 3RD |
|
Colorado Rockies batting - Pitching for Arizona Diamondbacks : LHP Murphy Quirk
|
|
Batting: LHB Andy Bowman
|
0-0: Called Strike 0-1: SINGLE (Groundball, 56S, EV 69.4 MPH) (infield hit)
|
|
Batting: LHB Bi-jun Chien
|
0-0: Called Strike 0-1: Swinging Strike 0-2: Foul Ball, location: 2F 0-2: Ball 1-2: Ball 2-2: Foul Ball, location: 2F 2-2: Ball 3-2: Base on Balls Andy Bowman to second
|
|
Batting: LHB Shawn Morrison
|
0-0: Ball 1-0: Ball 2-0: SINGLE (Groundball, 34D, EV 106.9 MPH) Andy Bowman to third Bi-jun Chien to second Throwing error, E9 Andy Bowman scores Bi-jun Chien to third Shawn Morrison to second
|
|
Batting: SHB Eddie Quinones
|
0-0: Called Strike 0-1: Ball 1-1: Ground out 5-3 (Groundball, 56, EV 84.4 MPH) Bi-jun Chien scores
|
|
Batting: LHB Freddy Troncoso
|
0-0: Ball 1-0: Called Strike 1-1: Ball 2-1: Ball 3-1: Fly out, F7 (Line Drive, 7, EV 97.5 MPH)
|
|
Batting: SHB Jerry Luckwell
|
0-0: Foul Ball, location: 2F 0-1: SINGLE (Line Drive, 9LS, EV 95.6 MPH) Shawn Morrison to third Runner from 3rd tries for Home, SAFE, throw by RF to home
|
|
Batting: RHB Cesar Breceda
|
0-0: SINGLE (Groundball, 4MS, EV 72.5 MPH) (infield hit) Jerry Luckwell to second
|
|
Batting: RHB Henry Alvizo
|
0-0: Ball 1-0: Fly out, F6 (Popup, P, EV 78.1 MPH)
|
| Top of the 3rd over - 3 runs, 4 hits, 1 error, 2 left on base; Colorado 3 - Arizona 0 |
| BOTTOM OF THE 3RD |
|
Arizona Diamondbacks batting - Pitching for Colorado Rockies : RHP Sean Parks
|
|
Batting: SHB Warren Eisner
|
0-0: Ball 1-0: Ball 2-0: Called Strike 2-1: Foul Ball, location: 2F 2-2: Strikes out swinging
|
|
Batting: RHB Andy Swaim
|
0-0: Called Strike 0-1: Ball 1-1: Swinging Strike 1-2: Ball 2-2: Foul Ball, location: 2F 2-2: Foul Ball, location: 2F 2-2: SINGLE (Groundball, 56D, EV 104.4 MPH) (infield hit)
|
|
Batting: LHB Roy Steigerwald
|
0-0: Ball 1-0: Ball 2-0: Ball 3-0: Called Strike 3-1: Foul Ball, location: 2F 3-2: Fly out, F2 (Popup, 2LF, EV 91.2 MPH)
|
|
Batting: SHB Alec Thorpe
|
0-0: Ball 1-0: Ball 2-0: Called Strike 2-1: Ball 3-1: Fly out, F9 (Flyball, 9LSF, EV 81.2 MPH)
|
| Bottom of the 3rd over - 0 runs, 1 hit, 0 errors, 1 left on base; Colorado 3 - Arizona 0 |
| TOP OF THE 4TH |
|
Colorado Rockies batting - Pitching for Arizona Diamondbacks : LHP Murphy Quirk
|
|
Batting: SHB Andy Vivas
|
0-0: Ball 1-0: Ball 2-0: Ball 3-0: Called Strike 3-1: Ground out 1-3 (Groundball, 13S, EV 71.2 MPH)
|
|
Batting: LHB Andy Bowman
|
0-0: Called Strike 0-1: Fly out, F6 (Line Drive, 6, EV 73.8 MPH)
|
|
Batting: LHB Bi-jun Chien
|
0-0: Ball 1-0: Called Strike 1-1: Foul Ball, location: 2F 1-2: Ball 2-2: Ball 3-2: Hit by Pitch
|
|
Batting: LHB Shawn Morrison
|
0-0: Swinging Strike 0-1: Foul Ball, location: 2F 0-2: Ball Bi-jun Chien is caught stealing 2nd base 2-6
|
| Top of the 4th over - 0 runs, 0 hits, 0 errors, 0 left on base; Colorado 3 - Arizona 0 |
| BOTTOM OF THE 4TH |
|
Arizona Diamondbacks batting - Pitching for Colorado Rockies : RHP Sean Parks
|
|
Batting: SHB Perry Tuckfard
|
0-0: Ball 1-0: SINGLE (Groundball, 4MS, EV 73.1 MPH) (infield hit)
|
|
Batting: RHB Jim Zucco
|
0-0: Ball 1-0: Swinging Strike 1-1: Ball 2-1: Foul Ball, location: 2F 2-2: Ball 3-2: Strikes out swinging Perry Tuckfard is caught stealing 2nd base 2-4 Batter strikes out.
|
|
Batting: SHB Salvador Aragon
|
0-0: Ball 1-0: Swinging Strike 1-1: Swinging Strike 1-2: Ball 2-2: Foul Ball, location: 2F 2-2: Foul Ball, location: 2F 2-2: Foul Ball, location: 2F 2-2: Foul Ball, location: 2F 2-2: Foul Ball, location: 2F 2-2: Strikes out looking
|
| Bottom of the 4th over - 0 runs, 1 hit, 0 errors, 0 left on base; Colorado 3 - Arizona 0 |
| TOP OF THE 5TH |
|
Colorado Rockies batting - Pitching for Arizona Diamondbacks : LHP Murphy Quirk
|
|
Batting: LHB Shawn Morrison
|
0-0: Ball 1-0: SOLO HOME RUN (Flyball, 9D, EV 105.0 MPH), Distance : 385 ft
|
|
Batting: SHB Eddie Quinones
|
0-0: Ball 1-0: Ball 2-0: Ball 3-0: Called Strike 3-1: Base on Balls
|
|
Batting: LHB Freddy Troncoso
|
0-0: Called Strike 0-1: Called Strike 0-2: Ball 1-2: Strikes out swinging
|
|
Batting: SHB Jerry Luckwell
|
0-0: Ball 1-0: Foul Ball, location: 2F 1-1: Called Strike 1-2: Ball 2-2: Ball 3-2: 2-RUN HOME RUN (Flyball, 8LXD, EV 108.1 MPH), Distance : 442 ft
|
|
Pitching: RHP David Mendoza
|
|
|
Batting: RHB Cesar Breceda
|
0-0: Ball 1-0: SINGLE (Groundball, 56D, EV 108.8 MPH)
|
|
Batting: RHB Henry Alvizo
|
0-0: Called Strike Cesar Breceda steals 2nd base (no throw) 0-1: Swinging Strike 0-2: Ball Wild Pitch! Cesar Breceda to third 1-2: Ground out 3-1 (Groundball, 34, EV 83.8 MPH) Cesar Breceda scores
|
|
Batting: SHB Andy Vivas
|
0-0: Ball 1-0: SINGLE (Flyball, 4D, EV 97.5 MPH)
|
|
Batting: LHB Andy Bowman
|
0-0: Called Strike 0-1: Ball 1-1: Ball 2-1: Foul Ball, location: 2F 2-2: Ball 3-2: Foul Ball, location: 2F 3-2: Strikes out looking
|
| Top of the 5th over - 4 runs, 4 hits, 0 errors, 1 left on base; Colorado 7 - Arizona 0 |
| BOTTOM OF THE 5TH |
|
Arizona Diamondbacks batting - Pitching for Colorado Rockies : RHP Sean Parks
|
|
Batting: LHB Mike Mentzer
|
0-0: Ball 1-0: Ball 2-0: Ball 3-0: Called Strike 3-1: Base on Balls
|
|
Batting: RHB Bob Najar
|
0-0: Ball 1-0: Swinging Strike 1-1: Swinging Strike 1-2: Strikes out swinging
|
|
Batting: SHB Warren Eisner
|
0-0: DOUBLE (Line Drive, 78D, EV 104.4 MPH) Mike Mentzer to third Runner from 3rd tries for Home, SAFE, throw by LF to trailing runner, SAFE at third!
|
|
Batting: RHB Andy Swaim
|
0-0: Ball 1-0: Ball 2-0: SINGLE (Groundball, 34D, EV 105.6 MPH) Warren Eisner scores
|
|
Batting: LHB Roy Steigerwald
|
0-0: Swinging Strike 0-1: Ball 1-1: 2-RUN HOME RUN (Flyball, 9D, EV 100.6 MPH), Distance : 400 ft
|
|
Batting: SHB Alec Thorpe
|
0-0: Ball 1-0: Called Strike 1-1: SINGLE (Groundball, 4MD, EV 95.6 MPH)
|
|
Batting: SHB Perry Tuckfard
|
0-0: Foul Ball, location: 2F 0-1: Ground out U3 (Groundball, 3S, EV 71.2 MPH) Alec Thorpe to second
|
|
Batting: RHB Jim Zucco
|
0-0: Ball 1-0: Ball 2-0: Called Strike 2-1: Called Strike 2-2: Ball 3-2: Strikes out swinging
|
| Bottom of the 5th over - 4 runs, 4 hits, 0 errors, 1 left on base; Colorado 7 - Arizona 4 |
| TOP OF THE 6TH |
|
Colorado Rockies batting - Pitching for Arizona Diamondbacks : RHP David Mendoza
|
|
Batting: LHB Bi-jun Chien
|
0-0: Ball 1-0: SINGLE (Groundball, 56, EV 110.0 MPH)
|
|
Batting: LHB Shawn Morrison
|
0-0: Called Strike 0-1: Called Strike Bi-jun Chien is caught stealing 2nd base 2-6 0-2: Foul Ball, location: 2F 0-2: Ball 1-2: Strikes out looking
|
|
Batting: SHB Eddie Quinones
|
0-0: Ball 1-0: Foul Ball, location: 2F 1-1: Fly out, F8 (Flyball, 78XD, EV 103.1 MPH)
|
| Top of the 6th over - 0 runs, 1 hit, 0 errors, 0 left on base; Colorado 7 - Arizona 4 |
| BOTTOM OF THE 6TH |
|
Arizona Diamondbacks batting - Pitching for Colorado Rockies : RHP Sean Parks
|
|
Pitching: RHP Jim Butler
|
|
|
Batting: SHB Salvador Aragon
|
0-0: Swinging Strike 0-1: Ball 1-1: Called Strike 1-2: SINGLE (Line Drive, 5D, EV 95.6 MPH)
|
|
Batting: LHB Mike Mentzer
|
0-0: Fly out, F7 (Flyball, 78M, EV 96.2 MPH)
|
|
Batting: RHB Bob Najar
|
0-0: Called Strike 0-1: Ball 1-1: Swinging Strike 1-2: Strikes out swinging
|
|
Batting: SHB Warren Eisner
|
0-0: Swinging Strike 0-1: Called Strike Salvador Aragon steals 2nd base 0-2: Strikes out looking
|
| Bottom of the 6th over - 0 runs, 1 hit, 0 errors, 1 left on base; Colorado 7 - Arizona 4 |
| TOP OF THE 7TH |
|
Colorado Rockies batting - Pitching for Arizona Diamondbacks : RHP David Mendoza
|
|
Pitching: RHP Bill Pauley
|
|
|
Batting: LHB Freddy Troncoso
|
0-0: Called Strike 0-1: Ground out U3 (Groundball, 3, EV 103.8 MPH)
|
|
Batting: SHB Jerry Luckwell
|
0-0: SINGLE (Groundball, 5S, EV 76.9 MPH) (infield hit)
|
|
Batting: RHB Cesar Breceda
|
0-0: Called Strike 0-1: SINGLE (Line Drive, 6D, EV 105.6 MPH) Jerry Luckwell to second
|
|
Batting: RHB Henry Alvizo
|
0-0: Called Strike 0-1: Fly out, F8 (Flyball, 8LD, EV 95.0 MPH) Runner from 2nd tags up, SAFE at 3rd with throw by CF
|
|
Batting: SHB Andy Vivas
|
0-0: Swinging Strike 0-1: Foul Ball, location: 2F 0-2: Ball 1-2: Ball 2-2: Strikes out swinging
|
| Top of the 7th over - 0 runs, 2 hits, 0 errors, 2 left on base; Colorado 7 - Arizona 4 |
| BOTTOM OF THE 7TH |
|
Arizona Diamondbacks batting - Pitching for Colorado Rockies : RHP Jim Butler
|
|
Batting: RHB Andy Swaim
|
0-0: Ball 1-0: Ball 2-0: Called Strike 2-1: Ball 3-1: SOLO HOME RUN (Flyball, 7LD, EV 110.6 MPH), Distance : 440 ft
|
|
Batting: LHB Roy Steigerwald
|
0-0: Ball 1-0: Ball 2-0: Foul Ball, location: 2F 2-1: Foul Ball, location: 2F 2-2: DOUBLE (Line Drive, 89D, EV 105.6 MPH)
|
|
Batting: SHB Alec Thorpe
|
0-0: Foul Ball, location: 2F 0-1: Ball 1-1: Called Strike 1-2: Strikes out swinging
|
|
Batting: SHB Perry Tuckfard
|
0-0: Ball 1-0: Called Strike 1-1: Ground out 4-3 (Groundball, 34, EV 101.9 MPH) Roy Steigerwald to third
|
|
Pitching: LHP Randy Rowland
|
|
|
Batting: RHB Jim Zucco
|
0-0: Ground out 1-3 (Groundball, 13S, EV 60.6 MPH)
|
| Bottom of the 7th over - 1 run, 2 hits, 0 errors, 1 left on base; Colorado 7 - Arizona 5 |
| TOP OF THE 8TH |
|
Colorado Rockies batting - Pitching for Arizona Diamondbacks : RHP Bill Pauley
|
|
Pitching: LHP Chris Baran
|
|
|
Batting: LHB Andy Bowman
|
0-0: Fly out, F7 (Flyball, 7, EV 91.2 MPH)
|
|
Batting: LHB Bi-jun Chien
|
0-0: Called Strike 0-1: Called Strike 0-2: Foul Ball, location: 2F 0-2: Foul Ball, location: 2F 0-2: Ball 1-2: Ground out 4-3 (Groundball, 4, EV 86.2 MPH)
|
|
Batting: LHB Shawn Morrison
|
0-0: Ball 1-0: Swinging Strike 1-1: Foul Ball, location: 2F 1-2: Foul Ball, location: 2F 1-2: Ball 2-2: SINGLE (Groundball, 5D, EV 102.5 MPH)
|
|
Batting: SHB Eddie Quinones
|
0-0: Ball 1-0: Foul Ball, location: 2F 1-1: Fielders Choice at 2nd, 5-4 (Groundball, 56, EV 103.8 MPH)
|
| Top of the 8th over - 0 runs, 1 hit, 0 errors, 1 left on base; Colorado 7 - Arizona 5 |
| BOTTOM OF THE 8TH |
|
Arizona Diamondbacks batting - Pitching for Colorado Rockies : LHP Randy Rowland
|
|
Pitching: RHP Tony Campos
|
|
|
Batting: SHB Salvador Aragon
|
0-0: Ball 1-0: Called Strike 1-1: Ball 2-1: Ball 3-1: SINGLE (Flyball, 8LS, EV 98.8 MPH)
|
|
Batting: LHB Mike Mentzer
|
0-0: Reached on error, E4 (Groundball, 34, EV 88.8 MPH) Salvador Aragon to second
|
|
Batting: RHB Bob Najar
|
0-0: Ball 1-0: Sac Bunt to 5S - play at first, batter OUT! 5-3 Salvador Aragon to third Mike Mentzer to second
|
|
Batting: SHB Warren Eisner
|
0-0: Ball 1-0: Ball 2-0: Ball 3-0: Base on Balls
|
|
Batting: RHB Andy Swaim
|
0-0: Ball 1-0: Ball 2-0: Called Strike 2-1: Swinging Strike 2-2: Strikes out looking
|
|
Batting: LHB Roy Steigerwald
|
0-0: Foul Ball, location: 2F 0-1: Ball 1-1: Ball 2-1: Ball 3-1: Foul Ball, location: 2F 3-2: Foul Ball, location: 2F 3-2: Fly out, F7 (Flyball, 7S, EV 92.5 MPH)
|
| Bottom of the 8th over - 0 runs, 1 hit, 1 error, 3 left on base; Colorado 7 - Arizona 5 |
| TOP OF THE 9TH |
|
Colorado Rockies batting - Pitching for Arizona Diamondbacks : LHP Chris Baran
|
|
Pitching: LHP Mario Valdivia
|
|
|
Batting: LHB Freddy Troncoso
|
0-0: Called Strike 0-1: Called Strike 0-2: Strikes out looking
|
|
Batting: SHB Jerry Luckwell
|
0-0: Fly out, F8 (Flyball, 8LM, EV 91.2 MPH)
|
|
Batting: RHB Cesar Breceda
|
0-0: Called Strike 0-1: Foul Ball, location: 2F 0-2: SINGLE (Flyball, 3D, EV 86.9 MPH)
|
|
Batting: RHB Henry Alvizo
|
0-0: Ball 1-0: Ball 2-0: Ball 3-0: Called Strike 3-1: Base on Balls Cesar Breceda to second
|
|
Batting: SHB Andy Vivas
|
0-0: Called Strike 0-1: Ball 1-1: SINGLE (Line Drive, 9S, EV 108.1 MPH) Cesar Breceda to third Henry Alvizo to second Runner from 3rd tries for Home, SAFE, throw by RF to home
|
|
Batting: LHB Andy Bowman
|
0-0: Ball 1-0: Foul Ball, location: 2F 1-1: Foul Ball, location: 2F 1-2: Strikes out swinging
|
| Top of the 9th over - 1 run, 2 hits, 0 errors, 2 left on base; Colorado 8 - Arizona 5 |
| BOTTOM OF THE 9TH |
|
Arizona Diamondbacks batting - Pitching for Colorado Rockies : RHP Tony Campos
|
|
Pitching: RHP Mitch Guerrero
|
|
|
Batting: SHB Alec Thorpe
|
0-0: Ground out 5-3 (Groundball, 56, EV 102.5 MPH)
|
|
Batting: SHB Perry Tuckfard
|
0-0: Ball 1-0: Called Strike 1-1: SINGLE (Line Drive, 7S, EV 88.1 MPH)
|
|
Batting: RHB Jim Zucco
|
0-0: Ball 1-0: Called Strike 1-1: Ball 2-1: Called Strike 2-2: Strikes out swinging
|
|
Batting: SHB Salvador Aragon
|
0-0: Foul Ball, location: 2F 0-1: Ball 1-1: Ball 2-1: Fly out, F8 (Line Drive, 8LM, EV 92.5 MPH)
|
| Bottom of the 9th over - 0 runs, 1 hit, 0 errors, 1 left on base; Colorado 8 - Arizona 5 |
|